AoeStats
← +Matt.Chak

Black Forest

510547868Analyzed
4v4 RM · 1d ago on Oct 1, 2026· 23m 35s· 8 players
Game mode
Random Map
Map size
Large (8 player)
Population
200
Speed
Normal
Resources
Standard
Victory
Conquest
Starting age
Dark Age
Ending age
Imperial Age
RankedLock teamsTeams togetherTeam positionsShared explorationLock speedFull tech treeHidden civsTurbo modeCheats
Victory
Defeat
🇮🇹 Shu · Italy
1470
+10
🇩🇪 Dravidians · Germany
1380
+13
1342
+15
🇭🇺 Mapuche · Hungary
1300
+17
🇹🇼 Japanese · Taiwan
1347
-15
🇭🇰 Britons · Hong Kong SAR China
1318
-14
🇻🇳 Ethiopians · Vietnam
1317
-13
🇨🇳 Mongols · China
1305
-13
[FUCKI] Obi-One Canboneme
12:07 Feudal Age
15:43 Castle Age
13:47 Stone Mining
13:55 Double-Bit Axe
14:30 Horse Collar
Moerbsle
2:19 Loom
10:48 Feudal Age
15:03 Castle Age
13:32 Double-Bit Axe
14:12 Gold Mining
14:52 Horse Collar
17:51 Bow Saw
scurhun
11:48 Feudal Age
12:44 Double-Bit Axe
13:40 Stone Mining
16:02 Castle Age
14:56 Fletching
14:50 Horse Collar
16:43 Bodkin Arrow
17:20 Loom
Nogard
0:35 Loom
17:24 Feudal Age
20:58 Castle Age
18:59 Double-Bit Axe
19:25 Horse Collar
再讓我農一下
0:57 Loom
17:42 Feudal Age
18:13 Man-at-Arms
18:44 Horse Collar
18:50 Double-Bit Axe
+Matt.Chak
12:56 Feudal Age
16:55 Castle Age
15:31 Double-Bit Axe
15:50 Horse Collar
18:43 Bow Saw
18:35 Heavy Plow
19:21 Scale Mail Armor
19:01 Man-at-Arms
19:27 Gambesons
19:43 Squires
20:12 Long Swordsman
23:10 Chain Mail Armor
23:11 Loom
24:16 Wheelbarrow
mryendl2410
11:27 Feudal Age
15:12 Castle Age
12:59 Double-Bit Axe
12:57 Horse Collar
14:08 Gold Mining
14:59 Fletching
15:17 Crossbowman
16:37 Bodkin Arrow
18:28 Loom
22:31 Ballistics
S.T.A.R.S. Wesker
7:22 Loom
Connection lost

Rejoining the realm…

Still unreachable

The connection could not be restored.

Session expired

The server has moved on; the page needs a fresh start.